 Dungeon Crawl Stone Soup version 0.15.2 (webtiles) character file.

384126 magipi the Executioner (level 21, -8/201 HPs)
             Began as a Deep Dwarf Gladiator on Apr 21, 2016.
             Was the Champion of Makhleb.
             Mangled by a fire giant
             ... wielding a +2 great sword of flaming
              (25 damage)
             ... on Level 3 of the Depths on Apr 22, 2016.
             The game lasted 06:39:52 (38857 turns).

magipi the Executioner (Deep Dwarf Gladiator)      Turns: 38857, Time: 06:39:53

HP  -8/201       AC 28     Str 21      XL: 21   Next: 96%
MP   8/8         EV 19     Int 14      God: Makhleb [******]
Gold 2543        SH  0     Dex 17 (18) Spells:  5 memorised, 19 levels left

rFire  + + .     SeeInvis .     a - +4 executioner's axe (chop)
rCold  + . .     Clarity  .     z - +3 fire dragon armour
rNeg   + . .     rCorr    +     (no shield)
rPois  .         rRot     .     W - +2 hat {MR+}
rElec  .         Spirit   .     S - +2 cloak {+Inv}
SustAb .         Warding  .     P - +0 pair of gloves "Shiryog" {rC+}
rMut   .         Stasis   .     o - +2 pair of boots {Fly}
Gourm  .                        L - amulet of resist corrosion
MR     ++++.                    R - +4 ring of slaying
                                c - ring of protection from cold

@: non-regenerating, incredibly resistant to hostile enchantments, extremely
unstealthy
A: damage resistance, recharge devices, clever 1, negative energy resistance 1,
sense surroundings 3, slow healing 3
a: Device Recharging, Minor Destruction, Lesser Servant of Makhleb, Major
Destruction, Greater Servant of Makhleb, Renounce Religion, Evoke Invisibility,
Evoke Flight
}: 2/15 runes: decaying, serpentine


You were on level 3 of the Depths.
You worshipped Makhleb.
Makhleb was exalted by your worship.
You were not hungry.

You visited 9 branches of the dungeon, and saw 48 of its levels.
You visited 1 bazaar.
You also visited: Ice Cave.

You collected 4862 gold pieces.
You spent 2319 gold pieces at shops.

Inventory:

Hand weapons
 a - a +4 executioner's axe of chopping (weapon)
 b - a +0 blowgun
 D - a +2 battleaxe of flaming
Missiles
 d - a throwing net
 h - 11 javelins (quivered)
 u - 11 curare-tipped needles
 y - 11 javelins of penetration
 O - 26 poisoned needles
Armour
 o - a +2 pair of boots of flying (worn)
 z - a +3 fire dragon armour (worn)
 G - the +6 chain mail of the Turtle {rElec rC+ Int+1}
   (You found it on level 2 of the Snake Pit)

   It affects your intelligence (+1).
   It protects you from cold.
   It insulates you from electricity.
 P - the +0 pair of gloves "Shiryog" (worn) {rC+}
   (You acquired it on level 5 of the Swamp)

   It protects you from cold.
 S - a +2 cloak of darkness (worn)
 W - a +2 hat of magic resistance (worn)
Magical devices
 e - a wand of heal wounds (2)
 i - a wand of paralysis (13)
 E - a wand of lightning (3)
 J - a wand of disintegration (3)
 M - a wand of polymorph (12)
 N - a wand of digging (7)
 Z - a wand of hasting (4)
Comestibles
 f - 22 bread rations
 k - 22 meat rations
 w - 4 rotting chunks of ice dragon flesh
Scrolls
 g - 3 scrolls of teleportation
 l - 13 scrolls of remove curse
 v - 4 scrolls of identify
 A - 5 scrolls of fear
 I - 7 scrolls of fog
 V - 3 scrolls of magic mapping
Jewellery
 c - a ring of protection from cold (left hand)
 m - a +5 ring of protection
 n - an uncursed ring of positive energy
 p - the ring of Frod Oku {rPois Str+4 Dex+2}
   (You found it on level 3 of the Elven Halls)

   [ring of poison resistance]

   It affects your strength (+4).
   It affects your dexterity (+2).
   It protects you from poison.
 r - an uncursed ring of sustain abilities
 t - an uncursed ring of teleportation
 C - an uncursed amulet of resist mutation
 L - an amulet of resist corrosion (around neck)
 R - a +4 ring of slaying (right hand)
Potions
 j - 2 potions of might
 q - 8 potions of restore abilities
 x - 2 potions of resistance
 H - 5 potions of agility
 Q - 17 potions of curing
 T - 3 potions of haste
 U - 2 potions of cancellation
 Y - 3 potions of invisibility
Miscellaneous
 s - a phial of floods
 X - a lamp of fire


   Skills:
 - Level 15.3 Fighting
 + Level 22.6 Axes
 - Level 3.2 Throwing
 + Level 17.4 Armour
 - Level 15.4 Dodging
 - Level 4.0 Spellcasting
 - Level 8.0 Charms
 - Level 6.0 Summonings
 - Level 8.3 Translocations
 - Level 8.0 Air Magic
 - Level 10.0 Invocations
 - Level 12.4 Evocations


You had 19 spell levels left.
You knew the following spells:

 Your Spells              Type           Power        Failure   Level  Hunger
a - Apportation           Tloc           ####......   1%          1    None
b - Blink                 Tloc           N/A          1%          2    ##.....
c - Summon Butterflies    Summ           ###.....     1%          1    None
m - Repel Missiles        Chrm/Air       ####..       1%          2    ##.....
F - Flight                Chrm/Air       ####......   2%          3    ###....


Dungeon Overview and Level Annotations

Branches:
Dungeon (15/15)            Temple (1/1) D:5             Orc (4/4) D:12
    Elf (3/3) Orc:4          Lair (8/8) D:8           Swamp (5/5) Lair:3
  Snake (5/5) Lair:4        Slime (0/6) Lair:7       Vaults (4/5) D:13
  Crypt (0/3) Vaults:2     Depths (3/5) D:15

Altars:
Ashenzari
Cheibriados
Dithmenos
Elyvilon
Fedhas
Kikubaaqudgha
Makhleb
Nemelex Xobeh
Okawaru
Qazlal
Sif Muna
Trog
Vehumet
Xom
Yredelemnul
Zin
The Shining One
Beogh
Jiyva

Shops:
D:4 !   Orc:1 }*%   Orc:3 }   Orc:4 *((}   Elf:2 ?   Elf:3 *   Vaults:1 !

Portals:
Hell: Depths:1 Depths:2 Depths:3
Abyss: Depths:2
Pandemonium: Depths:3
Ziggurat: Depths:1

Annotations:
D:4 Eustachio, Menkaure
D:10 magipi's ghost, experienced DDGl
Lair:7 Rupert
Swamp:1 Kirke
Snake:3 magipi's ghost, powerful DDGl
Snake:4 exclusion: 2 downstairs
Vaults:1 Norris
Vaults:4 Frederick; Jorgrun; Wiglaf


Innate Abilities, Weirdness & Mutations

You are resistant to damage.
You can recharge devices by infusing magical energy.
You resist negative energy.
You passively map a large area around you.
You do not heal naturally.
Your mind is acute. (Int +2)

Vault maps used:
D:1:      dpeg_arrival_erosion, kennysheep_crisscross, hangedman_decor_riveting,
          nrook_mini_vaults
D:2:      first_bread, minivault_19, nemelex_diamond_rough_becter
D:4:      serial_shops, shop_fountains, abandoned_shop, uniq_eustachio,
          uniq_natasha, uniq_edmund, uniq_menkaure
D:5:      bloody_trog, temple_statues
D:7:      basic_altar, grunt_livestock
D:8:      elyvilon_altar_4, minmay_lair_entry_lava, dk_vineyard_2
D:9:      ashenzari_conservatory_becter, lemuel_doored_altar,
          kennysheep_mini_moat
D:10:     kennysheep_another_room, nrook_guardian_serpent_double
D:11:     uniq_erica
D:12:     orc_0_dummy
D:13:     moated_statue
D:14:     wad_bat_island, minmay_misc_feat_pillars, minmay_misc_feat_roman,
          hangedman_decor_points, grunt_ministairs_9,
          hangedman_abyss_or_decor_passed
D:15:     grunt_enter_depths_hoard
Temple:   circular_temple_12
Orc:1:    serial_shops, shop, nicolae_shop_crystal, shop, basic_altar
Orc:2:    portal_ice_cave_entry_pillars_02, mines5_lemuel, uniq_josephine,
          uniq_maurice, uniq_harold
Orc:3:    serial_shops, nicolae_shop_waterfront, nicolae_orc_pool_cavern
Orc:4:    st_orc_town, uniq_sonja
Elf:1:    eino_elf_arrival_the_gate, einodemon_armed_red_devil_minivault
Elf:2:    serial_shops, shop, serial_glass, glass_columns_b, glass_columns_a,
          glass_columns_b, glass_columns_a, glass_columns_b, glass_columns_c,
          glass_columns_c, glass_columns_b, glass_columns_a, glass_columns_a
Elf:3:    nooodl_elf_gasket, serial_shops, shop
Lair:2:   special_room
Lair:3:   swamp_mist_pool, lemuel_fruit_fields
Lair:4:   guppyfry_snake_entry_island, grunt_forest_large_clearings,
          grunt_megastairs_4
Lair:5:   basic_altar, uniq_nergalle
Lair:6:   lemuel_fruit_fields
Lair:7:   slime_altar_1, lemuel_fruit_fields, uniq_maud, uniq_rupert, uniq_snorg
Lair:8:   grunt_lair_end_beastmaster, tgw_fedhas, lemuel_fruit_tree,
          infiniplex_staircase_pool, uniq_fannar
Swamp:1:  evilmike_swamp_ruin_house_3, infiniplex_staircase_pool_2, uniq_kirke
Swamp:2:  cheibrodos_swamp_tower_of_moss, basic_altar
Swamp:3:  evilmike_swamp_ruin_rubble_2, swamp_pool3, ldierk_geyser
Swamp:4:  evilmike_swamp_ruin_house_6
Swamp:5:  swamp_vile, swamp_pool5
Snake:1:  uniq_aizul, uniq_donald, uniq_nessos
Snake:2:  basic_altar, serial_shops, bzr_entry_customers
Snake:5:  snake_hunt, grunt_ministairs_3, uniq_mara
Vaults:1: vaults_room_pool, vaults_dpeg_ring, hangedman_vaults_nodes, v_misc_17,
          hangedman_vaults_trim, ontoclasm_vaults_shout, v_misc_25, v_misc_18,
          nicolae_vaults_theta, vaults_room_door_ring, dpeg_vaults_monster_box,
          serial_shops, shop_statue, basic_altar, uniq_norris, uniq_saint_roka
Vaults:2: ontoclasm_vaults_pinch, minmay_crypt_entry_simple_sparse,
          vaults_dpeg_encased_lava, ontoclasm_vaults_ring_square,
          vaults_mumra_hexcomb, v_misc_2, nicolae_vaults_circle_grid_a,
          vaults_dpeg_spiral, vaults_room_boxed, ontoclasm_vaults_twist,
          vaults_room_corners, ontoclasm_vaults_chip, vaults_room_semicircle,
          uniq_sojobo
Vaults:3: v_alt_pattern_1, nicolae_vaults_windows_and_doors_thing, v_misc_33,
          v_misc_16, nicolae_vaults_little_squares_1,
          infiniplex_enter_wizlab_water, uniq_nikola, uniq_agnes, uniq_margery
Vaults:4: v_misc_11, st_quartered_hall, vaults_room_stairs_pillars, v_misc_16,
          hangedman_vaults_stream, v_misc_32, vaults_standard_mumra_x,
          nicolae_vaults_rhombus_5, v_pattern_3,
          nicolae_vaults_little_squares_5, nicolae_vaults_gold_heap,
          nicolae_vaults_shelves_hall, nicolae_vaults_border_crossing,
          uniq_jorgrun, uniq_wiglaf, uniq_frederick
Depths:1: enter_ziggurat_a, hell_entry, kennysheep_big_empty_room,
          kennysheep_potato, serial_bayou_shore_b
Depths:2: due_jory_tower, grunt_mini_vestibule, abyss_entry,
          kennysheep_generic_room_9, infiniplex_staircase_pillars_3b,
          basic_stair_grate_trap, firewood_loft
Depths:3: grunt_runaround, hell_entry, pan_entry
Bazaar:   bazaar_kb_twisted_cavern
IceCv:    ice_cave_caverns_01


Message History

You slash the storm dragon!
The storm dragon is heavily wounded.
You slash the quicksilver dragon!
The quicksilver dragon is moderately wounded.
You hit the fire giant.
You kill the fire giant!
Makhleb accepts your kill.
You slash the fire giant!
The fire giant is heavily wounded.
The quicksilver dragon bites you! The quicksilver dragon misses you.
The storm dragon bites you. The storm dragon misses you.
The storm dragon misses you. The fire giant misses you.
You slice the fire giant!!
The fire giant is severely wounded.
The spriggan defender blocks your attack.
You hit the quicksilver dragon.
The quicksilver dragon is moderately wounded.
You slice the storm dragon!!
The storm dragon is severely wounded.
The spriggan defender hits you with a glowing demon whip.
The quicksilver dragon bites you but does no damage.
The quicksilver dragon misses you.
The storm dragon bites you but does no damage.
The storm dragon claws you but does no damage.
The storm dragon barely misses you.
Evoke which item? (* to show all) (? for menu, Esc to quit)
Okay, then.
Unknown command.
You slice the storm dragon!!
The storm dragon is almost dead.
You slash the quicksilver dragon!
The quicksilver dragon is heavily wounded.
You slash the spriggan defender!
The spriggan defender is moderately wounded.
You slash the fire giant!
The fire giant is almost dead.
The spriggan defender hits you with a glowing demon whip!
The quicksilver dragon breathes energy at you.
The bolt of dispelling energy hits you!
* * * LOW HITPOINT WARNING * * *
The fire giant hits you with a great sword of flaming!!
* * * LOW HITPOINT WARNING * * *
The fire giant burns you.
The storm dragon bites you but does no damage.
The storm dragon completely misses you.
The storm dragon tramples you but does no damage.
The spriggan defender completely misses you.
The quicksilver dragon bites you but does no damage.
The quicksilver dragon claws you but does no damage.
Drink which item? (? for menu, Esc to quit)
Okay, then.
Evoke which item? (* to show all) (? for menu, Esc to quit)
Zapping:
e - a wand of heal wounds (4)
Press: ? - help, Shift-Dir - straight line, f - you You feel much better.
This wand has 3 charges left.
The spriggan defender hits you with a glowing demon whip!!
* * * LOW HITPOINT WARNING * * *
The storm dragon bites you but does no damage.
The storm dragon claws you.
The storm dragon tramples you but does no damage.
The fire giant points at you and mumbles some strange words.
The bolt of fire hits you! You resist.
* * * LOW HITPOINT WARNING * * *
The quicksilver dragon closely misses you.
The quicksilver dragon claws you but does no damage.
Unknown command.
Evoke which item? (* to show all) (? for menu, Esc to quit)
Zapping:
e - a wand of heal wounds (3)
Press: ? - help, Shift-Dir - straight line, f - you You feel much better.
This wand has 2 charges left.
The spriggan defender completely misses you.
The quicksilver dragon misses you. x2
The storm dragon bites you.
The storm dragon claws you but does no damage.
The storm dragon tramples you but does no damage.
The fire giant hits you but does no damage.
The spriggan defender hits you but does no damage.
The quicksilver dragon bites you!
* * * LOW HITPOINT WARNING * * *
The quicksilver dragon claws you!
* * * LOW HITPOINT WARNING * * *
Unknown command.
You closely miss the storm dragon.
The storm dragon is almost dead.
Your fire dragon armour prevents you from hitting the quicksilver dragon.
The quicksilver dragon is heavily wounded.
You closely miss the spriggan defender.
The spriggan defender is lightly wounded.
You barely miss the fire giant.
The fire giant is almost dead.
The storm dragon bites you!
* * * LOW HITPOINT WARNING * * *
The storm dragon claws you but does no damage.
The storm dragon completely misses you.
The spriggan defender barely misses you.
The quicksilver dragon bites you!
* * * LOW HITPOINT WARNING * * *
The quicksilver dragon claws you but does no damage.
The fire giant hits you with a great sword of flaming!!
You die...

...#........#.....###....##....#
...#''#######...≈≈(##.....#....#
.###...##...#))).⌠≈.##....##.'###
##.....''.....##.)≈..#..##.##'..#
##.....''.⌠...###..(.##..#.#....#
#''e...##....''###.))(#..8.##....
.'C##########''..#..'###.##.#....
..## ,, ##..)###)(.#..#.#.#.. ..#
,,, ,, #.D@.#....#.()(#.#.. .Y#,
, , #.DiC#....#....#.#.. ..#, ,,
,,#^...#....#....#.... '## , >,
##''##..(.##''##.#.. ' , >
##''##....##''##.#.∩ .,* , ,,
#....#....#....#.... ⌠ * ,, ,
#.8..#....#....#.#.. e * , , ,
,*#....#..).#....#.#.. ,*** , ,
#...###'..#..#.#.#..


You could see a storm dragon, a fire giant, a quicksilver dragon and a spriggan
defender.

Table legend:
 A = Kills in this place as a percentage of kills in entire the game.
 B = Kills by you in this place as a percentage of kills by you in the entire game.
 C = Kills by friends in this place as a percentage of kills by friends in the entire game.
 D = Other kills in this place as a percentage of other kills in the entire game.
 E = Experience gained in this place as a percentage of experience gained in the entire game.
 F = Experience gained in this place divided by the number of levels of this place that you have seen.
                   A       B       C       D       E      F
               +-------+-------+-------+-------+-------+----------------------
         Total | 100.0 | 100.0 | 100.0 | 100.0 | 100.0 | 14056.3
       Dungeon |  22.7 |  22.9 |  18.6 |   9.1 |   8.0 | 3739.4
  Orcish Mines |  12.8 |  12.4 |  24.3 |   9.1 |   2.4 | 4183.8
   Elven Halls |   7.6 |   7.6 |   0.0 |  54.5 |  14.9 | 34940.7
          Lair |  13.8 |  14.1 |   7.1 |   0.0 |   7.5 | 6587.5
         Swamp |   7.2 |   7.4 |   0.0 |  18.2 |   8.4 | 11785.2
     Snake Pit |   9.6 |  10.0 |   0.0 |   0.0 |  13.7 | 19282.2
        Vaults |  12.6 |  12.7 |  11.4 |   9.1 |  20.8 | 36520.8
        Depths |  10.8 |  11.1 |   4.3 |   0.0 |  22.6 | 52907.7
      Ice Cave |   2.9 |   1.7 |  34.3 |   0.0 |   1.8 | 12324.0
               +-------+-------+-------+-------+-------+----------------------

Vanquished Creatures
  Saint Roka (Vaults:1)
  Margery (Vaults:3)
  Nikola (Vaults:3)
  2 liches
  2 tentacled monstrosities (Depths:3)
  3 deep elf blademasters (Elf:3)
  3 deep elf master archers (Elf:3)
  A storm dragon (Vaults:4)
  2 sphinxes
  3 thorn hunters
  An Executioner (Elf:3)
  3 tengu reavers
  5 frost giants
  Donald (Snake:1)
  4 fire giants
  10 greater nagas
  Maud (Lair:7)
  9 deep elf sorcerers
  2 vault wardens
  2 ghost moths (Depths:2)
  Aizul (Snake:1)
  An orc warlord (Orc:4)
  5 emperor scorpions
  7 deep elf demonologists
  8 very ugly things
  7 stone giants
  10 deep elf annihilators (Elf:3)
  A dire elephant (Lair:8)
  4 vampire knights (Depths:2)
  A white draconian (IceCv)
  4 ettins
  2 vault guards (Vaults:1)
  Snorg (Lair:7)
  2 green deaths (Swamp:5)
  A merfolk javelineer (Depths:1)
  8 deep elf death magi (Elf:3)
  A minotaur (Depths:3)
  Josephine (Orc:2)
  7 ironheart preservers
  A death ooze (Swamp:5)
  5 fire dragons
  4 yaktaur captains
  9 great orbs of eyes
  Fannar (Lair:8)
  7 deep elf high priests (Elf:3)
  Harold (Orc:2)
  8 hydras
  2 rakshasas
  5 naga warriors
  3 shambling mangroves
  4 ice dragons
  Nessos (Snake:1)
  2 spriggan air magi
  9 anacondas
  Erica (D:11)
  6 centaur warriors
  7 deep troll shamans
  25 death yaks
  An orc high priest (Elf:1)
  A death knight (Vaults:2)
  5 deep troll earth magi
  A thrashing horror (Swamp:5)
  A spriggan berserker (Depths:3)
  A vampire mage (Depths:2)
  4 alligators
  6 ogre magi
  11 naga sharpshooters
  5 tengu warriors
  Nergalle (Lair:5)
  A sun demon (Depths:2)
  A catoblepas (Lair:8)
  3 iron trolls
  3 skeletal warriors (D:14)
  17 deep elf knights
  A fire crab (Vaults:2)
  16 hell knights
  7 shadow wraiths
  21 deep trolls
  10 deep elf summoners
  2 large abominations
  A spriggan druid (Swamp:5)
  7 naga ritualists
  10 swamp dragons
  6 unseen horrors
  A tengu zombie (Depths:3)
  An ice statue (IceCv)
  2 harpies (shapeshifter)
  3 flayed ghosts
  5 wizards
  A lindwurm (Snake:5)
  8 hill giants
  3 necromancers
  6 ironbrand convokers
  9 salamanders
  3 wolf spiders (Vaults:2)
  13 deep elf conjurers
  2 orc knights (Vaults:3)
  A salamander (shapeshifter) (Depths:3)
  10 mana vipers
  7 orc sorcerers
  51 ugly things
  5 manticores
  A moth of wrath (shapeshifter) (Vaults:3)
  4 red wasps
  A draconian (shapeshifter) (Depths:2)
  2 cyclopes
  4 griffons
  A faun (Snake:5)
  A sixfirhy (Orc:4)
  2 frost giant skeletons
  A moth of wrath (Snake:5)
  Maurice (Orc:2)
  14 elephants
  An orange demon (Swamp:5)
  14 guardian serpents
  A red wasp (shapeshifter) (Vaults:2)
  19 naga magi
  6 phantasmal warriors
  30 black mambas
  3 torpor snails
  2 fire giant skeletons
  8 vault sentinels
  9 spiny frogs
  A spriggan zombie (Depths:2)
  25 yaktaurs
  3 kobold demonologists
  6 fire drakes
  A tengu conjurer (Depths:2)
  A hellwing (Vaults:3)
  A freezing wraith (Vaults:2)
  6 trolls
  4 red devils (Elf:1)
  A hydra zombie (D:12)
  2 demonic crawlers (Elf:3)
  11 deep elf priests
  6 komodo dragons
  A queen bee (Lair:2)
  3 giant leeches
  Sonja (Orc:4)
  A baby alligator (shapeshifter) (Vaults:4)
  6 baby alligators
  11 polar bears (IceCv)
  12 two-headed ogres
  A jumping spider (Elf:2)
  A sphinx simulacrum (Depths:3)
  3 boulder beetles
  23 ravens
  2 hydra skeletons
  6 air elementals
  32 slime creatures
  A tengu simulacrum (Depths:2)
  11 bog bodies
  13 shadows
  A fire dragon zombie (Depths:1)
  29 deep elf magi
  3 snapping turtles (D:14)
  15 blink frogs
  An ettin zombie (Vaults:1)
  3 spriggans
  A basilisk (shapeshifter) (Vaults:2)
  3 basilisks
  A centaur simulacrum (D:14)
  14 redbacks
  2 vampires
  2 trapdoor spiders (D:13)
  10 water elementals
  A hill giant zombie (D:13)
  An ettin skeleton (Depths:3)
  A wyvern (Lair:5)
  A fire bat (shapeshifter) (Vaults:1)
  25 deep elf fighters
  A hill giant skeleton (D:8)
  6 tarantellas
  A yak (shapeshifter) (D:13)
  3 hell beasts
  A yaktaur simulacrum (Depths:1)
  A hungry ghost (D:12)
  An elf skeleton (Depths:3)
  23 vampire mosquitoes
  21 yaks
  3 hogs
  8 hippogriffs
  A human (D:7)
  39 nagas
  Edmund (D:4)
  16 wolves
  14 swamp worms
  19 wargs
  5 yellow wasps
  8 swamp drakes
  30 water moccasins
  2 mottled dragons (Vaults:1)
  2 sky beasts
  3 small abominations (Swamp:5)
  10 porcupines
  26 ogres
  A black bear (D:6)
  26 orc warriors
  3 boggarts (Vaults:3)
  8 ice beasts
  8 phantoms
  17 crocodiles
  A manticore zombie (D:15)
  8 centaurs
  3 big kobolds
  3 boring beetles
  2 human zombies
  12 giant frogs
  A yaktaur zombie (Depths:3)
  A komodo dragon skeleton (D:9)
  4 insubstantial wisps (Swamp:5)
  An eye of draining (shapeshifter) (Vaults:2)
  A cyclops skeleton (D:14)
  A scorpion (D:3)
  41 killer bees
  A troll skeleton (Orc:2)
  6 electric eels
  9 wights
  10 crimson imps
  19 orc priests
  11 hounds
  2 quasits
  A goliath beetle (D:10)
  A centaur skeleton (D:5)
  9 iguanas
  36 orc wizards
  A basilisk skeleton (D:15)
  2 jellies
  Natasha (D:4)
  An elf simulacrum (Vaults:1)
  A spectral orc (Lair:5)
  26 orange rats
  19 worker ants
  33 sheep
  2 ogre skeletons
  A hound zombie (D:8)
  4 mummies
  A worker ant zombie (D:8)
  A hound skeleton (D:8)
  33 green rats
  4 gnolls (D:4)
  23 adders
  An inept item mimic (D:9)
  4 shadow imps
  A giant mite (D:2)
  A goliath beetle zombie (D:5)
  An ufetubus (Vaults:3)
  2 giant geckos
  175 orcs
  18 bats
  4 giant cockroaches
  15 goblins
  26 hobgoblins
  15 jackals
  24 kobolds
  13 quokkas
  3 ball pythons
  6 giant newts
  2 giant spores
  A goblin skeleton (Orc:2)
  A hobgoblin zombie (D:6)
  A kobold skeleton (D:7)
  An orc simulacrum (Orc:2)
  3 orc skeletons
  17 rats
  A rat skeleton (D:5)
  22 ballistomycetes
  4 fungi
  A plant (Lair:4)
1947 creatures vanquished.

Vanquished Creatures (collateral kills)
  Sojobo (Vaults:2)
  Jory (Depths:2)
  Agnes (Vaults:3)
  An ettin (Orc:4)
  A yaktaur captain (Vaults:3)
  A centaur warrior (Vaults:3)
  2 death yaks (Lair:8)
  A tengu warrior (D:12)
  The ghost of Dangus the Cleaver, an experienced MiBe of Trog (IceCv)
  A deep troll shaman (Lair:8)
  A flayed ghost (Vaults:3)
  A hill giant (D:11)
  2 orc sorcerers (Orc:4)
  A guardian serpent (D:10)
  2 yaktaurs (Vaults:3)
  A tengu conjurer (Depths:2)
  5 polar bears (IceCv)
  A hydra skeleton (D:12)
  A deep elf mage (D:11)
  A hill giant zombie (D:12)
  An air elemental (Vaults:2)
  A shadow (Depths:2)
  11 yaks (IceCv)
  7 wolves (IceCv)
  2 black bears (Lair:8)
  An ogre (Vaults:3)
  A killer bee (D:11)
  2 orc priests (D:12)
  7 orc wizards (Orc:4)
  11 orcs
  A plant (Lair:8)
72 creatures vanquished.

Vanquished Creatures (others)
  A deep elf high priest (Elf:3)
  2 deep elf knights (Elf:3)
  An unseen horror (Vaults:1)
  A necromancer (Depths:2)
  A deep elf conjurer (Elf:3)
  An orange demon (D:10)
  A hellwing (Elf:3)
  A fire elemental (Depths:2)
  2 deep elf magi
  A deep elf fighter (Vaults:1)
  A swamp worm (Swamp:5)
  2 neqoxecs
  4 lost souls (Elf:3)
  2 insubstantial wisps (Swamp:5)
  3 killer bees (D:11)
  A wight (D:15)
  A jelly (D:11)
  A green rat (Lair:8)
  An adder (D:11)
  A shadow imp (D:11)
  An ufetubus (D:11)
  An orc (D:11)
  2 giant spores
  4 fungi
  24 toadstools
61 creatures vanquished.

Grand Total: 2080 creatures vanquished

Notes
Turn   | Place    | Note
--------------------------------------------------------------
     0 | D:1      | magipi, the Deep Dwarf Gladiator, began the quest for the Orb.
     0 | D:1      | Reached XP level 1. HP: 19/19 MP: 1/1
   143 | D:1      | Reached XP level 2. HP: 26/26 MP: 2/2
   567 | D:1      | Reached skill level 4 in Axes
   625 | D:2      | Found a sparkling altar of Nemelex Xobeh.
   629 | D:2      | Reached XP level 3. HP: 30/32 MP: 3/3
   903 | D:2      | Reached skill level 5 in Axes
   951 | D:2      | Reached XP level 4. HP: 24/39 MP: 4/4
  1277 | D:3      | Reached skill level 6 in Axes
  1277 | D:3      | Reached XP level 5. HP: 41/45 MP: 5/5
  1575 | D:4      | Noticed Edmund
  1603 | D:4      | Killed Edmund
  1603 | D:4      | Reached skill level 7 in Axes
  1603 | D:4      | Reached XP level 6. HP: 43/52 MP: 6/6
  1914 | D:4      | Reached skill level 8 in Axes
  1925 | D:4      | Found Soagraeck's Distillery.
  1950 | D:4      | Bought a potion of curing for 22 gold pieces
  1950 | D:4      | Bought a potion of brilliance for 27 gold pieces
  1950 | D:4      | Bought a potion of curing for 22 gold pieces
  2060 | D:4      | Noticed Eustachio
  2118 | D:4      | Noticed Natasha
  2126 | D:4      | Killed Natasha
  2174 | D:4      | Noticed a phantom
  2246 | D:4      | Noticed Menkaure
  2417 | D:4      | Killed a phantom
  2417 | D:4      | Reached XP level 7. HP: 49/61 MP: 7/7
  2529 | D:5      | Entered Level 5 of the Dungeon
  2835 | D:5      | Reached skill level 9 in Axes
  2856 | D:5      | Found a bloodstained altar of Trog.
  2943 | D:5      | Found a staircase to the Ecumenical Temple.
  2952 | Temple   | Entered the Ecumenical Temple
  2976 | Temple   | Became a worshipper of Makhleb the Destroyer
  3339 | D:6      | Reached XP level 8. HP: 67/73 MP: 7/7
  3596 | D:7      | Reached skill level 5 in Fighting
  3677 | D:7      | Acquired Makhleb's first power
  3685 | D:7      | Reached skill level 10 in Axes
  3861 | D:7      | Found a blossoming altar of Fedhas.
  4022 | D:7      | Reached skill level 1 in Armour
  4188 | D:7      | Gained mutation: You passively map the area around you. [level up]
  4188 | D:7      | Reached XP level 9. HP: 54/85 MP: 7/7
  4304 | D:8      | Noticed a fire drake
  4323 | D:8      | Killed a fire drake
  4380 | D:8      | Reached skill level 1 in Invocations
  4433 | D:8      | Acquired Makhleb's second power
  4629 | D:8      | Reached skill level 5 in Armour
  4706 | D:8      | Found a staircase to the Lair.
  4763 | D:8      | Found a white marble altar of Elyvilon.
  4923 | D:9      | Found a basalt altar of Yredelemnul.
  5043 | D:9      | Reached skill level 5 in Invocations
  5069 | D:9      | Got a heavily runed scale mail
  5080 | D:9      | Identified the +0 scale mail of Voafauso {+Rage +Fly rElec MR+} (You found it on level 9 of the Dungeon)
  5145 | D:9      | Acquired Makhleb's third power
  5167 | D:9      | Found a sparkling altar of Nemelex Xobeh.
  5210 | D:9      | Reached skill level 1 in Evocations
  5305 | D:9      | Found a shattered altar of Ashenzari.
  5366 | D:9      | Reached XP level 10. HP: 47/94 MP: 17/17
  5512 | D:10     | Entered Level 10 of the Dungeon
  5684 | D:10     | Noticed a guardian serpent
  5757 | D:10     | Killed a guardian serpent
  5970 | D:10     | Noticed magipi's ghost (experienced DDGl)
  6028 | D:10     | Killed an unseen horror
  6153 | D:10     | Reached skill level 5 in Evocations
  6309 | D:10     | Acquired Makhleb's fourth power
  6511 | D:11     | Noticed a hill giant
  6517 | D:11     | Killed a hill giant
  6519 | D:11     | Noticed a cyclops
  6542 | D:11     | Killed a cyclops
  6706 | D:11     | Noticed Erica
  6707 | D:11     | Noticed a six-headed hydra
  6864 | Lair:1   | Entered Level 1 of the Lair of Beasts
  7130 | Lair:1   | Reached skill level 10 in Invocations
  7324 | Lair:1   | Reached XP level 11. HP: 55/100 MP: 19/19
  7367 | Lair:1   | Noticed a four-headed hydra
  7398 | Lair:2   | Reached skill level 10 in Evocations
  7400 | Lair:2   | Acquired Makhleb's fifth power
  7607 | Lair:2   | Noticed a four-headed hydra
  7610 | Lair:2   | Killed a four-headed hydra
  7629 | Lair:2   | Reached skill level 11 in Evocations
  7778 | Lair:2   | Reached skill level 5 in Dodging
  7993 | Lair:3   | Identified a +1 rod of striking (9/9) (You found it on level 10 of the Dungeon)
  8208 | Lair:3   | Found a staircase to the Swamp.
  8261 | Lair:3   | Reached skill level 12 in Evocations
  8586 | Lair:4   | Noticed a death yak
  8586 | Lair:4   | Noticed a death yak
  8586 | Lair:4   | Noticed a death yak
  8586 | Lair:4   | Noticed a death yak
  8586 | Lair:4   | Noticed a death yak
  8586 | Lair:4   | Noticed a death yak
  8601 | Lair:3   | Killed a death yak
  9092 | D:11     | Killed an unseen horror
  9180 | D:11     | Killed Erica
  9180 | D:11     | Reached XP level 12. HP: 58/109 MP: 19/19
  9531 | D:12     | Found a staircase to the Orcish Mines.
 10383 | Orc:1    | Entered Level 1 of the Orcish Mines
 10414 | Orc:1    | Found Qafesuda's Food Shoppe.
 10493 | Orc:1    | Found a roughly hewn altar of Beogh.
 10545 | Orc:1    | Found Xoakhyash's Assorted Antiques.
 10564 | Orc:1    | Bought a scroll of identify for 64 gold pieces
 10564 | Orc:1    | Bought a scroll of identify for 64 gold pieces
 10564 | Orc:1    | Bought a potion of heal wounds for 96 gold pieces
 10569 | Orc:1    | Gained mutation: Your mind is acute. (Int +2) [potion of beneficial mutation]
 10667 | Orc:1    | Found Kuanavua's Gadget Shoppe.
 10827 | Orc:2    | Noticed Maurice
 10872 | Orc:2    | Killed Maurice
 10924 | Orc:2    | Found a frozen archway.
 10943 | IceCv    | Entered an ice cave
 10980 | IceCv    | Reached skill level 13 in Axes
 10998 | IceCv    | Noticed Dangus' ghost (experienced MiBe)
 11011 | IceCv    | Killed Dangus' ghost
 11150 | IceCv    | Reached skill level 14 in Axes
 11380 | IceCv    | Reached XP level 13. HP: 87/115 MP: 19/19
 11439 | IceCv    | Noticed a white draconian
 11459 | IceCv    | Reached skill level 15 in Axes
 11496 | IceCv    | Killed a white draconian
 11680 | Orc:2    | Noticed Harold
 11704 | Orc:2    | Killed Harold
 11768 | Orc:2    | Noticed Josephine
 11781 | Orc:2    | Killed Josephine
 11962 | Orc:3    | Found Ghiriakk's Gadget Shop.
 12087 | Orc:3    | Bought a wand of hasting (5) for 648 gold pieces
 12251 | Orc:3    | Reached skill level 16 in Axes
 12518 | Orc:4    | Entered Level 4 of the Orcish Mines
 12657 | Orc:4    | Found a staircase to the Elven Halls.
 12772 | Orc:4    | Noticed Sonja
 12789 | Orc:4    | Killed Sonja
 12985 | Orc:4    | Found a roughly hewn altar of Beogh.
 13140 | Orc:4    | Found Guyteaj's Weapon Boutique.
 13214 | Orc:4    | Found Buefa's Gadget Emporium.
 13373 | Orc:4    | Found Vuiffink's Antique Weapon Emporium.
 13373 | Orc:4    | Found Falos' General Store.
 13381 | Orc:4    | Bought a scroll of identify for 26 gold pieces
 13381 | Orc:4    | Bought a scroll of identify for 26 gold pieces
 13381 | Orc:4    | Bought a scroll of fear for 45 gold pieces
 13395 | Orc:4    | Bought a runed broad axe for 124 gold pieces
 13487 | Orc:4    | Noticed an orc warlord
 13797 | Lair:4   | Noticed a spriggan rider
 13811 | Lair:4   | Killed a spriggan
 13814 | Lair:4   | Killed a yellow wasp
 13900 | Lair:4   | Found a staircase to the Snake Pit.
 14098 | Lair:4   | Killed a death yak
 14102 | Lair:4   | Killed a death yak
 14105 | Lair:4   | Killed a death yak
 14171 | Lair:4   | Killed a death yak
 14176 | Lair:4   | Killed a death yak
 14371 | Lair:5   | Noticed Nergalle
 14425 | Lair:5   | Killed Nergalle
 14628 | Lair:5   | Learned a level 3 spell: Flight
 14689 | Lair:5   | Found a shimmering altar of Xom.
 14846 | Lair:5   | Gained mutation: You resist negative energy. [level up]
 14846 | Lair:5   | Reached XP level 14. HP: 126/126 MP: 17/17
 15056 | Lair:6   | Reached skill level 10 in Armour
 15095 | Lair:7   | Found a staircase to the Slime Pits.
 15401 | Lair:7   | Noticed Snorg
 15423 | Lair:7   | Killed Snorg
 15605 | Lair:7   | Noticed Maud
 15629 | Lair:7   | Killed Maud
 15648 | Lair:7   | Found a viscous altar of Jiyva.
 15805 | Lair:7   | Noticed Rupert
 15816 | Lair:8   | Entered Level 8 of the Lair of Beasts
 16030 | Lair:8   | Reached skill level 10 in Fighting
 16089 | Lair:8   | Noticed Fannar
 16108 | Lair:8   | Killed Fannar
 16478 | Lair:8   | Found a blossoming altar of Fedhas.
 16906 | Snake:1  | Entered Level 1 of the Snake Pit
 17109 | Snake:1  | Noticed Nessos
 17127 | Snake:1  | Killed Nessos
 17264 | Snake:1  | Identified a scroll of acquirement
 17348 | Snake:1  | Noticed Aizul
 17362 | Snake:1  | Killed Aizul
 17421 | Snake:1  | Noticed Donald
 17433 | Snake:1  | Killed Donald
 17433 | Snake:1  | Reached XP level 15. HP: 73/146 MP: 18/18
 17566 | Snake:2  | Found a flickering gateway to a bazaar.
 17630 | Bazaar   | Entered a bazaar
 17631 | Bazaar   | Found Toplyitu's Book Shop.
 17637 | Bazaar   | Found Coiq's Assorted Antiques.
 17654 | Bazaar   | Found Yghoivanoxt's Book Emporium.
 17693 | Bazaar   | Found Qule's General Store.
 17754 | Bazaar   | Bought a scroll of identify for 50 gold pieces
 17754 | Bazaar   | Bought 2 murky yellow potions for 45 gold pieces
 17754 | Bazaar   | Bought a cyan potion for 22 gold pieces
 17762 | Bazaar   | Bought a book of Minor Magic for 220 gold pieces
 17776 | Bazaar   | Bought a scroll of brand weapon for 320 gold pieces
 17776 | Bazaar   | Bought a potion of heal wounds for 48 gold pieces
 17776 | Bazaar   | Bought a scroll of vulnerability for 120 gold pieces
 17776 | Bazaar   | Bought a potion of curing for 32 gold pieces
 17858 | Snake:2  | Learned a level 2 spell: Blink
 17861 | Snake:2  | Learned a level 2 spell: Repel Missiles
 17925 | Snake:2  | Reached skill level 1 in Charms
 17933 | Snake:2  | Reached skill level 1 in Translocations
 17937 | Snake:2  | Reached skill level 1 in Spellcasting
 17955 | Snake:2  | Reached skill level 1 in Air Magic
 17961 | Snake:2  | Got a warped chain mail
 18001 | Snake:2  | Found a shimmering altar of Xom.
 18051 | Snake:1  | Identified the +6 chain mail of the Turtle {rElec rC+ Int+1} (You found it on level 2 of the Snake Pit)
 18541 | Snake:3  | Noticed magipi's ghost (powerful DDGl)
 19693 | Snake:4  | Reached skill level 5 in Translocations
 19920 | Snake:5  | Entered Level 5 of the Snake Pit
 20149 | Snake:5  | Noticed Mara
 20165 | Snake:5  | Noticed magipi's illusion
 20259 | Snake:5  | Reached skill level 5 in Charms
 20389 | Snake:5  | Noticed magipi's illusion
 20432 | Snake:5  | Reached XP level 16. HP: 137/154 MP: 16/16
 20465 | Snake:5  | Noticed magipi's illusion
 20686 | Swamp:1  | Entered Level 1 of the Swamp
 20801 | Swamp:1  | Noticed Kirke
 21281 | Swamp:2  | Reached skill level 5 in Air Magic
 21376 | Swamp:2  | Paralysed by a yellow wasp for 3 turns
 21658 | Swamp:1  | Got a heavily runed steel amulet
 21659 | Swamp:1  | Identified the amulet "Fruzxis" {+Rage Dex+2} (You found it on level 1 of the Swamp)
 21835 | Swamp:2  | Found a shimmering altar of Xom.
 22466 | Swamp:5  | Entered Level 5 of the Swamp
 22492 | Swamp:5  | Reached skill level 17 in Axes
 23121 | Swamp:5  | Got a pair of transparent gloves
 23122 | Swamp:5  | Identified the +0 pair of gloves "Shiryog" {rC+} (You acquired it on level 5 of the Swamp)
 23177 | Swamp:5  | Got a decaying rune of Zot
 23381 | Lair:4   | Reached XP level 17. HP: 162/162 MP: 16/16
 23767 | Snake:5  | Reached skill level 18 in Axes
 24146 | Snake:5  | Got a serpentine rune of Zot
 24430 | D:11     | Killed a six-headed hydra
 24545 | D:13     | Reached skill level 19 in Axes
 24667 | D:13     | Found a gate to the Vaults.
 26446 | D:15     | Entered Level 15 of the Dungeon
 26683 | D:15     | Reached skill level 20 in Axes
 27268 | D:15     | Found a staircase to the Depths.
 27453 | Vaults:1 | Entered Level 1 of the Vaults
 27470 | Vaults:1 | Gained mutation: You passively map a large area around you. [level up]
 27470 | Vaults:1 | Reached XP level 18. HP: 165/170 MP: 16/16
 27610 | Vaults:1 | Learned a level 1 spell: Apportation
 27612 | Vaults:1 | Learned a level 1 spell: Summon Butterflies
 27813 | Vaults:1 | Reached skill level 1 in Summonings
 27839 | Vaults:1 | Found a white marble altar of Elyvilon.
 27980 | Vaults:1 | Found Zefif's Distillery.
 28023 | Vaults:1 | Got a faintly glowing chain mail
 28024 | Vaults:1 | Identified the +10 chain mail of the Other World {Str-4 Dex+5} (You found it on level 1 of the Vaults)
 28030 | Vaults:1 | Bought a potion of haste for 140 gold pieces
 28030 | Vaults:1 | Bought a potion of berserk rage for 60 gold pieces
 28030 | Vaults:1 | Bought a potion of heal wounds for 60 gold pieces
 28196 | Vaults:1 | Reached skill level 10 in Dodging
 28371 | Vaults:1 | Noticed Saint Roka
 28400 | Vaults:1 | Killed Saint Roka
 28482 | Vaults:1 | Noticed Norris
 29258 | Vaults:2 | Found a staircase to the Crypt.
 29562 | Vaults:2 | Got a transparent pewter amulet
 29563 | Vaults:2 | Identified the amulet "Riapius" {Faith Dex+2 Int+2} (You found it on level 2 of the Vaults)
 29655 | Vaults:2 | Noticed Sojobo
 29861 | Vaults:2 | Killed Sojobo
 29902 | Vaults:3 | Noticed Agnes
 29918 | Vaults:3 | Killed Agnes
 29922 | Vaults:3 | Reached skill level 5 in Summonings
 29922 | Vaults:3 | Reached XP level 19. HP: 100/181 MP: 16/16
 30203 | Vaults:3 | Noticed Margery
 30565 | Vaults:3 | Killed Margery
 31103 | Vaults:3 | Noticed Nikola
 31125 | Vaults:3 | Killed Nikola
 31269 | Vaults:4 | Noticed Jorgrun
 31269 | Vaults:4 | Noticed Wiglaf
 31269 | Vaults:4 | Noticed Frederick
 31965 | Orc:4    | Killed an orc warlord
 32005 | Elf:1    | Entered Level 1 of the Elven Halls
 32471 | Elf:2    | Found Anoag's Magic Scroll Emporium.
 32561 | Elf:2    | Bought a scroll of fog for 38 gold pieces
 32996 | Elf:3    | Entered Level 3 of the Elven Halls
 33242 | Elf:3    | Found Kiesikh's Assorted Antiques.
 33437 | Elf:3    | Reached XP level 20. HP: 192/192 MP: 12/14
 33665 | Elf:3    | Got a steaming granite ring
 33666 | Elf:3    | Identified the ring of Frod Oku {rPois Str+4 Dex+2} (You found it on level 3 of the Elven Halls)
 34054 | Elf:3    | Reached skill level 21 in Axes
 34116 | Elf:3    | Identified Roxanne's Incunabulum of Moulding (You found it on level 3 of the Elven Halls)
 34286 | Elf:3    | Got a turquoise-encrusted plate armour
 34287 | Elf:3    | Identified the +12 plate armour "Keegriz" {+Blink} (You found it on level 3 of the Elven Halls)
 34369 | Elf:3    | Reached skill level 15 in Armour
 34382 | Elf:3    | Got a flickering lead amulet
 34383 | Elf:3    | Identified the amulet of the Original Sin {rCorr Dex-2 Int+3} (You took it off a deep elf demonologist on level 3 of the Elven Halls)
 35349 | Depths:1 | Entered Level 1 of the Depths
 35401 | Depths:1 | Found a gateway to a ziggurat.
 35510 | Depths:1 | Found a gateway to Hell.
 36078 | Depths:2 | Found a one-way gate to the infinite horrors of the Abyss.
 36170 | Depths:2 | Reached XP level 21. HP: 200/200 MP: 14/14
 36280 | Depths:2 | Reached skill level 15 in Dodging
 36283 | Depths:2 | Reached skill level 15 in Fighting
 36380 | Depths:2 | Noticed Jory
 36402 | Depths:2 | Killed Jory
 37321 | Depths:2 | HP: 7/201 [iron troll (5)]
 37322 | Depths:2 | HP: 3/201 [iron troll (13)]
 37438 | Depths:3 | Got a faintly glowing wooden ring
 37439 | Depths:3 | Identified the ring of Row Okk {Fire Str+3 Int+4} (You found it on level 3 of the Depths)
 37630 | Depths:3 | Reached skill level 22 in Axes
 37643 | Depths:3 | Found a one-way gate leading to the halls of Pandemonium.
 38857 | Depths:3 | Mangled by a fire giant

Action                   |  1- 3 |  4- 6 |  7- 9 | 10-12 | 13-15 | 16-18 | 19-21 || total
-------------------------+-------+-------+-------+-------+-------+-------+-------++-------
Melee: War axe           |   118 |   184 |   394 |       |       |       |       ||   696
       Battleaxe         |       |       |    56 |  1004 |  1684 |  1733 |    88 ||  4565
       Executioner's axe |       |       |       |       |       |       |  1741 ||  1741
 Fire: Blowgun           |       |       |       |     4 |    15 |     3 |    20 ||    42
Throw: Tomahawk          |       |       |    22 |       |       |       |       ||    22
       Throwing net      |       |       |     1 |       |     2 |       |       ||     3
       Javelin           |       |       |       |       |       |     6 |     2 ||     8
 Cast: Repel Missiles    |       |       |       |       |       |     5 |     7 ||    12
       Blink             |       |       |       |       |       |     1 |       ||     1
       Apportation       |       |       |       |       |       |       |     9 ||     9
Invok: Lesser Servant of |       |       |       |     5 |     3 |       |     1 ||     9
       Greater Servant o |       |       |       |     2 |     3 |     2 |     1 ||     8
 Abil: Device Recharging |       |       |     3 |     6 |     6 |     2 |     9 ||    26
       Evoke Berserk Rag |       |       |       |       |     3 |       |       ||     3
       Stop Flying       |       |       |       |       |       |       |     1 ||     1
       Evoke Invisibilit |       |       |       |       |       |       |     1 ||     1
Evoke: Wand              |       |     3 |     8 |    43 |    72 |    68 |    55 ||   249
       Lamp of fire      |       |       |       |       |       |       |     2 ||     2
  Use: Scroll            |       |     7 |     4 |    22 |    26 |    18 |    20 ||    97
       Potion            |       |       |     1 |     4 |     3 |     3 |    13 ||    24
 Stab: Distracted        |       |       |       |     1 |     4 |       |     1 ||     6
       Held in net/web   |       |       |       |       |     2 |       |       ||     2
       Confused          |       |       |       |       |     3 |       |       ||     3
       Invisible         |       |       |       |       |       |       |     1 ||     1
  Eat: Chunk             |       |     5 |     3 |       |       |     1 |     5 ||    14
       Beef jerky        |       |       |     4 |     2 |     1 |       |     1 ||     8
       Pizza             |       |       |     1 |     8 |       |     2 |     2 ||    13
       Fruit             |       |       |     3 |       |    13 |    20 |     4 ||    40
       Royal jelly       |       |       |       |     4 |    10 |       |       ||    14
       Bread ration      |       |       |       |       |       |     3 |     5 ||     8

Action                   |  1- 3 |  4- 6 |  7- 9 | 10-12 | 13-15 | 16-18 | 19-21 || total
-------------------------+-------+-------+-------+-------+-------+-------+-------++-------
Melee: War axe           |   118 |   184 |   394 |       |       |       |       ||   696
       Battleaxe         |       |       |    56 |  1004 |  1684 |  1733 |    88 ||  4565
       Executioner's axe |       |       |       |       |       |       |  1741 ||  1741
 Fire: Blowgun           |       |       |       |     4 |    15 |     3 |    20 ||    42
Throw: Tomahawk          |       |       |    22 |       |       |       |       ||    22
       Throwing net      |       |       |     1 |       |     2 |       |       ||     3
       Javelin           |       |       |       |       |       |     6 |     2 ||     8
 Cast: Repel Missiles    |       |       |       |       |       |     5 |     7 ||    12
       Blink             |       |       |       |       |       |     1 |       ||     1
       Apportation       |       |       |       |       |       |       |     9 ||     9
Invok: Lesser Servant of |       |       |       |     5 |     3 |       |     1 ||     9
       Greater Servant o |       |       |       |     2 |     3 |     2 |     1 ||     8
 Abil: Device Recharging |       |       |     3 |     6 |     6 |     2 |     9 ||    26
       Evoke Berserk Rag |       |       |       |       |     3 |       |       ||     3
       Stop Flying       |       |       |       |       |       |       |     1 ||     1
       Evoke Invisibilit |       |       |       |       |       |       |     1 ||     1
Evoke: Wand              |       |     3 |     8 |    43 |    72 |    68 |    55 ||   249
       Lamp of fire      |       |       |       |       |       |       |     2 ||     2
  Use: Scroll            |       |     7 |     4 |    22 |    26 |    18 |    20 ||    97
       Potion            |       |       |     1 |     4 |     3 |     3 |    13 ||    24
 Stab: Distracted        |       |       |       |     1 |     4 |       |     1 ||     6
       Held in net/web   |       |       |       |       |     2 |       |       ||     2
       Confused          |       |       |       |       |     3 |       |       ||     3
       Invisible         |       |       |       |       |       |       |     1 ||     1
  Eat: Chunk             |       |     5 |     3 |       |       |     1 |     5 ||    14
       Beef jerky        |       |       |     4 |     2 |     1 |       |     1 ||     8
       Pizza             |       |       |     1 |     8 |       |     2 |     2 ||    13
       Fruit             |       |       |     3 |       |    13 |    20 |     4 ||    40
       Royal jelly       |       |       |       |     4 |    10 |       |       ||    14
       Bread ration      |       |       |       |       |       |     3 |     5 ||     8

Action                   |  1- 3 |  4- 6 |  7- 9 | 10-12 | 13-15 | 16-18 | 19-21 || total
-------------------------+-------+-------+-------+-------+-------+-------+-------++-------
Melee: War axe           |   118 |   184 |   394 |       |       |       |       ||   696
       Battleaxe         |       |       |    56 |  1004 |  1684 |  1733 |    88 ||  4565
       Executioner's axe |       |       |       |       |       |       |  1741 ||  1741
 Fire: Blowgun           |       |       |       |     4 |    15 |     3 |    20 ||    42
Throw: Tomahawk          |       |       |    22 |       |       |       |       ||    22
       Throwing net      |       |       |     1 |       |     2 |       |       ||     3
       Javelin           |       |       |       |       |       |     6 |     2 ||     8
 Cast: Repel Missiles    |       |       |       |       |       |     5 |     7 ||    12
       Blink             |       |       |       |       |       |     1 |       ||     1
       Apportation       |       |       |       |       |       |       |     9 ||     9
Invok: Lesser Servant of |       |       |       |     5 |     3 |       |     1 ||     9
       Greater Servant o |       |       |       |     2 |     3 |     2 |     1 ||     8
 Abil: Device Recharging |       |       |     3 |     6 |     6 |     2 |     9 ||    26
       Evoke Berserk Rag |       |       |       |       |     3 |       |       ||     3
       Stop Flying       |       |       |       |       |       |       |     1 ||     1
       Evoke Invisibilit |       |       |       |       |       |       |     1 ||     1
Evoke: Wand              |       |     3 |     8 |    43 |    72 |    68 |    55 ||   249
       Lamp of fire      |       |       |       |       |       |       |     2 ||     2
  Use: Scroll            |       |     7 |     4 |    22 |    26 |    18 |    20 ||    97
       Potion            |       |       |     1 |     4 |     3 |     3 |    13 ||    24
 Stab: Distracted        |       |       |       |     1 |     4 |       |     1 ||     6
       Held in net/web   |       |       |       |       |     2 |       |       ||     2
       Confused          |       |       |       |       |     3 |       |       ||     3
       Invisible         |       |       |       |       |       |       |     1 ||     1
  Eat: Chunk             |       |     5 |     3 |       |       |     1 |     5 ||    14
       Beef jerky        |       |       |     4 |     2 |     1 |       |     1 ||     8
       Pizza             |       |       |     1 |     8 |       |     2 |     2 ||    13
       Fruit             |       |       |     3 |       |    13 |    20 |     4 ||    40
       Royal jelly       |       |       |       |     4 |    10 |       |       ||    14
       Bread ration      |       |       |       |       |       |     3 |     5 ||     8
